[Event "CZE-ch U16 Open 2023"]
[Site "Teplice"]
[Date "2023.03.13"]
[Round "3.2"]
[White "Fizer, Marek"]
[Black "Werner, Hong Quan Dan"]
[Result "1-0"]
[ECO "B30"]
[WhiteElo "1929"]
[BlackElo "2085"]
[Annotator "TA"]
[PlyCount "83"]
[EventDate "2023.03.09"]
[EventType "swiss"]
[EventCountry "CZE"]
[SourceTitle "playchess.com"]
[Source "ChessBase"]
[SourceQuality "1"]
[TimeControl "40/5400+30:1800+30"]

1. e4 c5 2. Nf3 Nc6 3. Nc3 e5 4. Bc4 Be7 5. d3 Nf6 6. Ng5 O-O {[%emt 0:03:50] B30: Sicilian: 2...Nc6 3 Bb5, lines without ...g6.} 7. h4 $1 {[%emt 0:01:52][%mdl 4] is recently more successful than 7.f4.} (7. O-O $11 {feels stronger.}) 7... h6 (7... Na5 $1 $15) 8. Nd5 $1 $11 {[%emt 0:07:45] [#] aiming for Nxf6+.} b5 $146 (8... hxg5 $2 9. hxg5 g6 10. gxf6 Bxf6 11. Qf3 $18) (8... Nd4 $11) ({Predecessor:} 8... Nxd5 9. Bxd5 Nb4 10. Bb3 d5 11. a3 c4 12. dxc4 dxc4 13. Bxc4 Qxd1+ 14. Kxd1 hxg5 15. axb4 gxh4 {1-0 Sasikiran,K (2675)-Harika,D (2495) FIDE Chess.com Grand Swiss 2019 (3)}) 9. Bb3 {[%emt 0:00:30] White has more active pieces. The black rooks are badly placed.} (9. Nxf6+ $1 $16 Bxf6 10. Bd5) 9... Nd4 (9... hxg5 $2 10. hxg5 g6 11. gxf6 Bxf6 12. Qf3 $18) 10. Nxf6+ $1 Bxf6 11. Bd5 {[%emt 0:01:11] Against Bb7} Rb8 12. Qh5 Ne6 (12... hxg5 13. hxg5 Qa5+ 14. Kf1) (12... Qe8 $15 13. Kd1 Bb7) 13. Be3 d6 {[%emt 0:01:49] [#]} (13... hxg5 14. hxg5 Qa5+ 15. c3) ({Better is} 13... c4 $11) 14. g3 $1 Qe8 (14... hxg5 15. hxg5 Qa5+ 16. c3) 15. O-O-O Bb7 {[%emt 0:05:47] [#]} (15... hxg5 $2 16. hxg5 g6 17. Qh7#) 16. Qg4 $1 Bc8 (16... hxg5 17. hxg5 Bxg5 18. Qh3 $16 (18. Bxg5 f5 $16)) 17. Qh5 Bb7 (17... hxg5 $2 18. hxg5 g6 19. Qh7#) (17... Bd7 $142) 18. Bxb7 Rxb7 19. f4 b4 (19... hxg5 $2 20. hxg5 exf4 21. Qh8#) 20. f5 (20. Kb1 $11 {keeps the balance.}) 20... Nd4 $17 21. Bxd4 (21. b3 $142) 21... cxd4 (21... exd4 22. b3 $11) 22. Kb1 (22. b3 $17 {was called for.}) 22... Qa4 $19 23. g4 $2 (23. b3 Qa3 24. Ka1) 23... Rc8 $2 (23... hxg5 24. hxg5) (23... Rb5 $19 {Hoping for ...Ra5.} 24. Nh7 (24. b3 $2 Qa3 $19) 24... Kxh7) 24. Rh2 $40 {[%emt 0:01:45][%mdl 128] White has some attack.} Rc6 {[%emt 0:00:43] And now ...Ra6 would win.} (24... hxg5 $2 25. hxg5 Kf8 26. gxf6 $18) 25. Nf3 $2 {[%emt 0:02:46][%mdl 8192] White is weak on the dark squares} (25. b3 $11 {and White has nothing to worry.} Qa3 26. Nf3) 25... Rbc7 $2 (25... Ra6 $19 26. Kc1 Qxa2) 26. Ne1 $2 (26. g5 Rxc2 27. Rg1 Rxh2 28. Nxd4 Rxb2+ 29. Kxb2 Qa3+ 30. Kb1 Qxd3+) (26. b3 $1 $11 Qa3 27. g5) 26... Ra6 $19 27. g5 {[%emt 0:02:08] Strongly threatening Kc1.} Qxa2+ 28. Kc1 {[%emt 0:00:06] [#]} Rac6 $4 29. gxf6 $18 {[%emt 0:01:12] Rg2 is the strong threat.} Qa1+ $2 (29... d5) 30. Kd2 Qxb2 {[%emt 0:00:04][%cal Rc6c2] Threatens to win with ...Rxc2+.} 31. Rc1 (31. Qg4 $142 g5 32. fxg6 Rxc2+ 33. Nxc2 Qxc2+ 34. Ke1 Qxh2 35. gxf7+ Kxf7 36. Qg7+ {[%mdl 64] Skewer, Double Attack} Ke8 37. Qxc7 Qxh4+ 38. Kd2 Qxf6 39. Qb8+ Qd8 40. Qxb4) 31... b3 $2 {[%emt 0:00:15] [#]} (31... Qc3+ {is a better defense.} 32. Kd1 d5) 32. Qg4 $1 (32. Kd1 bxc2+ 33. Rhxc2 Rxc2 34. Nxc2 (34. Rxc2 Qa1+ 35. Kd2 Rxc2+ 36. Nxc2 Qc3+ 37. Kc1 gxf6 $11) 34... Kh7 $11) 32... Kf8 (32... Rxc2+ 33. Rxc2 Rxc2+ 34. Nxc2 Qxc2+ 35. Ke1 Qc1+ 36. Kf2 Qd2+ 37. Kg1 Qc1+ 38. Kg2 Qc2+ 39. Kg1 Qb1+ 40. Kg2 Qc2+ 41. Kf1 Qb1+ 42. Kg2 Qc2+) 33. Qxg7+ (33. fxg7+ Kg8 34. f6 (34. Kd1 $2 Ra6 $19) 34... a5 $15) 33... Ke8 34. Qg8+ {[%emt 0:00:22][%mdl 64] Deflection} (34. Qxh6 Qa2 35. Ke2 b2 $15) 34... Kd7 35. Qxf7+ Kc8 36. Qe6+ Kb7 37. Qxb3+ ({Worse is} 37. f7 Rxc2+ 38. Nxc2 Rxc2+ 39. Rxc2 Qxc2+ 40. Ke1 Qc1+ 41. Kf2 Qe3+ 42. Kg2 Qd2+ 43. Kh3 Qxd3+ 44. Kg2 (44. Kg4 Qd1+ 45. Kg3 Qd3+ 46. Kf2 Qc2+ 47. Kg3 Qd3+ 48. Kg4 Qd1+ 49. Kg3 Qd3+ $11) 44... Qxe4+ 45. Kg3 (45. Kf2 Qc2+ 46. Kg3 Qd3+ 47. Kg4 Qd1+ 48. Kg3 Qd3+ 49. Kg4 Qd1+ 50. Kg3 Qd3+ $11) 45... Qf4+ 46. Kg2 Qe4+ 47. Kg3 (47. Kf2 Qc2+ 48. Kg3 Qd3+ 49. Kg4 Qd1+ 50. Kg3 Qd3+ 51. Kg4 Qd1+ 52. Kg3 Qd3+ $11) 47... Qf4+ 48. Kg2 Qe4+ $11) 37... Qxb3 38. cxb3 Rxc1 39. f7 $1 Ra1 $2 (39... Rxe1 40. f8=Q (40. f8=R $2 {is the wrong capture.} Rec1 $19) 40... Rec1) 40. f8=Q {[%emt 0:00:10] White is clearly winning.} (40. f8=R $2 {loses.} Ra2+ 41. Kd1 Rxh2 $19) 40... Ra2+ 41. Kd1 Rxh2 42. Qxd6 {[%emt 0:00:24] A brilliant game!   Weighted Error Value: White=0.74/Black=1.00} 1-0

[Event "CZE-ch U16 Open 2023"]
[Site "Teplice"]
[Date "2023.03.13"]
[Round "3.3"]
[White "Pelc, Adam"]
[Black "Seidl, Jan"]
[Result "0-1"]
[ECO "A05"]
[WhiteElo "1871"]
[BlackElo "2025"]
[Annotator "TA"]
[PlyCount "144"]
[EventDate "2023.03.09"]
[EventType "swiss"]
[EventCountry "CZE"]
[SourceTitle "playchess.com"]
[Source "ChessBase"]
[SourceQuality "1"]
[TimeControl "40/5400+30:1800+30"]

1. Nf3 Nf6 2. b3 c5 3. Bb2 g6 4. e3 Bg7 5. Be2 O-O 6. O-O Nc6 7. d4 cxd4 8. Nxd4 d6 9. c4 a6 10. Nc3 Bd7 11. a3 {[%emt 0:04:49] A35: Symmetrical English: 2 Nc3 Nc6 3 Nf3.} Rc8 12. Rc1 {[%emt 0:02:42] [#]} Qb6 $146 ({Predecessor:} 12... Re8 13. h3 Nxd4 14. exd4 e5 15. dxe5 dxe5 16. Nd5 Bc6 17. Nb4 Be4 18. Qxd8 Rcxd8 {½-½ Ju,W (2501)-Huang,Q (2465) World-ch (Women) k.o. 2012 (4.5)}) 13. Na4 {[%emt 0:01:09] White is slightly better.} Qc7 14. b4 e5 15. Nxc6 Bxc6 16. b5 Bd7 17. c5 Ne4 (17... Bxb5 $11 {remains equal.} 18. Bxb5 axb5 19. cxd6 Qd8) 18. c6 (18. bxa6 $6 Nxc5 19. Nxc5 dxc5 $11) (18. Nb6 $16 Nxc5 19. Nxc8 Bxc8 20. Qd2) 18... bxc6 $14 19. b6 Qb7 (19... Qb8 $11 {might be stronger.}) 20. f3 Nc5 21. Nxc5 dxc5 22. Bc3 $36 {[%emt 0:00:46][%mdl 2048] White is pushing.} Be6 23. Rb1 {[%emt 0:00:24][%mdl 1024] White has strong compensation.} Rcd8 24. Qa4 Bc8 (24... Bh6 $14) 25. Qc4 (25. Rfd1 $142) 25... Qe7 26. Qa4 (26. Rfe1 $16) 26... Bb7 (26... Qb7 $1 $11) 27. Qc4 (27. Bxa6 $2 Ra8 28. Qe4 Bxa6 $19) (27. Bc4 $16) 27... Bh6 (27... Bc8 $1 $11 {keeps the balance.}) 28. Kf2 Rd5 29. Qe4 (29. g3 $16) 29... f5 (29... Bc8 $11) 30. Qa4 (30. Qc4 $16) 30... Qg5 $11 31. f4 $1 exf4 32. exf4 Qxf4+ 33. Qxf4 Bxf4 34. Bc4 Rfd8 35. g3 (35. Bxd5+ cxd5 36. Bf6 Rf8 $15) (35. Rbe1 $5 Bg5 36. Be5 $11 (36. Bxd5+ cxd5 37. Be5 Kf7 $15)) 35... Bd6 (35... Bh6 $1 $14) 36. Bf6 (36. Bxd5+ cxd5 37. Bd2 (37. Bf6 Rf8 $17) 37... Kf7 $17) (36. a4 $16) 36... Re8 (36... Rf8 $14 37. Bc3 (37. Bxd5+ cxd5 38. Bb2 c4 $17) 37... Re8) 37. Rfe1 $16 ({Weaker is} 37. Bxd5+ cxd5 38. Rbe1 Re4 39. Rxe4 fxe4 $15) 37... Kf7 {[%emt 0:00:09] aiming for ...Rxe1.} 38. Rxe8 ({Inferior is} 38. Bxd5+ cxd5 39. Rxe8 Kxe8 $15) 38... Kxe8 39. Bxd5 (39. Re1+ $14 Kd7 40. Kf3) 39... cxd5 {[%emt 0:00:05][%mdl 4096] Endgame KRB-KB} 40. Re1+ (40. a4 $11) 40... Kf7 ({Black should play} 40... Kd7 $15) 41. Be5 $11 Be7 42. a4 d4 (42... Ke6 $11) 43. Bc7 $2 {[%emt 0:01:02][%mdl 8192] Loses the game.} (43. Rc1 $1 $16 {is forced if you want to stay better.}) 43... c4 $19 44. Rxe7+ Kxe7 {[%emt 0:00:00] KB-KB} 45. Be5 d3 46. Ke3 Ke6 47. Bc3 {[%emt 0:00:00] [#]} Kd5 48. h4 Kc5 {[%emt 0:00:00] Repels Bb4+} 49. a5 h6 50. Bd2 $2 (50. Kd2) 50... g5 51. hxg5 hxg5 52. Bc3 Bc6 53. Bd2 {[%emt 0:00:00] [#]} f4+ $1 {[%emt 0:00:00][%mdl 64] Deflection} 54. gxf4 gxf4+ 55. Kxf4 {[%emt 0:00:00] [#]} Kd4 $1 56. Be3+ Kc3 57. Ke5 d2 58. Bxd2+ Kxd2 {[%emt 0:00:00] KB-KPP} 59. Kd6 Bh1 60. Kc7 c3 61. b7 c2 (61... Bxb7 $142 62. Kxb7 c2 63. Kxa6 c1=Q 64. Kb7 Qc5 65. a6 Qb5+ 66. Kc8 Qxa6+ 67. Kd7 Qf6 68. Kc8 Qe7 69. Kb8 Ke3 70. Kc8 Kd4 71. Kb8 Kd5 72. Kc8 Kc6 73. Kb8 Qb7#) 62. b8=Q c1=Q+ (62... c1=B 63. Qb4+ Kd3 64. Qd6+ Kc3 65. Qc5+ Kb2 66. Qd4+ Kc2 67. Qc5+ Kb1 68. Qd6 $18) 63. Kd8 Qc6 64. Qb2+ Kd3 {[%emt 0:00:00] ( -> ...Kc4)} 65. Qb3+ (65. Qb4 $19) 65... Kd4 {[%emt 0:00:00] Black mates.} 66. Qb4+ Kd5 67. Qd2+ Kc5 68. Ke7 Bd5 69. Qc3+ Kb5 70. Qd2 Qe6+ 71. Kd8 Qd6+ 72. Ke8 Bc6+ {Weighted Error Value: White=0.69/Black=0.29 (precise)} 0-1

[Event "CZE-ch U16 Open 2023"]
[Site "Teplice"]
[Date "2023.03.13"]
[Round "3.4"]
[White "Hladky, Tadeas"]
[Black "Simunek, Jakub Simon"]
[Result "1/2-1/2"]
[ECO "C07"]
[WhiteElo "1973"]
[BlackElo "1970"]
[Annotator "TA"]
[PlyCount "84"]
[EventDate "2023.03.09"]
[EventType "swiss"]
[EventCountry "CZE"]
[SourceTitle "playchess.com"]
[Source "ChessBase"]
[SourceQuality "1"]
[TimeControl "40/5400+30:1800+30"]

1. e4 e6 2. d4 d5 3. Nd2 c5 4. exd5 Qxd5 5. Ngf3 cxd4 6. Bc4 Qd6 7. O-O Nf6 8. Nb3 Nc6 9. Nbxd4 Nxd4 10. Nxd4 Be7 11. c3 O-O 12. Qf3 Qc7 13. Bd3 {[%emt 0:01:22] C07: French Tarrasch: 3...c5, 4 Ngf3 and 4 exd5 Qxd5.} Bd7 {[%emt 0:04:12] The position is equal.} 14. Re1 Rfd8 15. Bg5 {[%emt 0:15:19] [#]} h6 $146 ({Predecessor:} 15... Be8 16. Rad1 h6 17. Bf4 Qb6 18. Rd2 Rac8 19. Rde2 Bc5 20. Be5 Be7 21. Qg3 Kf8 {0-1 Harikrishna,P (2716)-Salem,A (2690) Chess.com Rapid Wk7 Swiss 2022 (7)}) 16. Bf4 Bd6 17. Bxd6 (17. Bxh6 {is interesting.} Bxh2+ 18. Kh1 Bc6 19. Nxc6 Qxc6 20. Be2) 17... Qxd6 18. Rad1 Qb6 (18... e5 {with more complications.} 19. Nf5 Qb6 20. Rxe5 Bxf5 21. Rxf5 Qxb2 22. Rb5 Qxc3 23. Rxb7 Rac8) 19. Rd2 Be8 (19... Rac8 {is more complex.} 20. Qf4 Nd5 21. Qh4 Qc7) 20. Qd1 Rd6 21. Qb3 Qc7 22. Red1 Rad8 23. Qc2 Kf8 24. Be2 a6 25. Nf3 Bc6 26. Rxd6 Rxd6 27. Rxd6 Qxd6 28. Qd2 Ke7 29. Qd4 Bxf3 30. Qxd6+ Kxd6 31. Bxf3 $11 {[%emt 0:00:05][%mdl 4096] Endgame KB-KN} b6 32. Kf1 e5 33. Bb7 a5 34. Ke2 Nd5 35. g3 f5 36. Kd3 g5 37. Kc4 Nf6 38. h3 f4 39. gxf4 exf4 40. b4 axb4 41. cxb4 h5 42. a4 g4 {[%emt 0:10:45] An uneventful encounter.   Weighted Error Value: White=0.02 (flawless) /Black=0.01 (flawless)} 1/2-1/2

[Event "CZE-ch U16 Open 2023"]
[Site "Teplice"]
[Date "2023.03.13"]
[Round "3.5"]
[White "Tillmann, Stanislav"]
[Black "Mametev, Artem"]
[Result "1/2-1/2"]
[ECO "B92"]
[WhiteElo "1907"]
[BlackElo "2074"]
[Annotator "TA"]
[PlyCount "89"]
[EventDate "2023.03.09"]
[EventType "swiss"]
[EventCountry "CZE"]
[SourceTitle "playchess.com"]
[Source "ChessBase"]
[SourceQuality "1"]
[TimeControl "40/5400+30:1800+30"]

1. e4 c5 2. Nf3 d6 3. d4 cxd4 4. Nxd4 Nf6 5. Nc3 a6 6. Be2 e5 7. Nf3 Be7 8. Bg5 {[%emt 0:00:52] is the new trend.} Be6 {[%emt 0:00:52] B92: Sicilian Najdorf: 6 Be2.} 9. Bxf6 Bxf6 10. O-O Be7 {[%emt 0:10:44] The position is equal.} 11. Nd5 Nd7 12. Bc4 O-O {[%emt 0:25:07] [#]} 13. Nxe7+ $146 ({Predecessor:} 13. Qe2 b5 14. Bb3 Nc5 15. Rfd1 Nxb3 16. axb3 f5 17. exf5 Bxf5 18. Ne3 Qc8 19. Nxf5 Qxf5 {½-½ Vaibhav,S (2590)-Sjugirov,S (2663) PRO League Stage rapid 2019 (10)}) 13... Qxe7 14. Bxe6 fxe6 15. c4 Nc5 (15... b5 $5 ) 16. Re1 Rf4 17. Qc2 Raf8 18. b4 Nd7 19. Rad1 Nf6 (19... Rc8 $14) 20. Qd3 $16 Ne8 21. Qc3 (21. h3 $16) 21... Nf6 $14 22. Qd3 (22. Qc2 $14) 22... Ne8 $1 $16 23. c5 dxc5 24. Qd7 (24. bxc5 $14 Qxc5 25. Qd7) 24... Qxd7 $11 25. Rxd7 Nf6 26. Rxb7 {[%emt 0:00:12] Threatens to win with Ng5.} Nxe4 27. bxc5 Nxc5 28. Rc7 Nd3 29. Rb1 (29. Rd1 $11 {remains equal.} e4 30. Ng5) 29... e4 {[%emt 0:01:20] [#]} (29... h6 $17) 30. Rbb7 $1 {[%emt 0:00:13][%mdl 1024] White has compensation.} Rg4 (30... exf3 $2 {is a self mate.} 31. Rxg7+ Kh8 32. Rxh7+ Kg8 33. Rbg7#) 31. Nd4 Nf4 32. g3 e5 33. Nc6 Nh3+ {[%emt 0:01:10][%mdl 64] Discovered Attack} 34. Kg2 Nf4+ 35. Kh1 {[%emt 0:01:36][%cal Oc6e5] Strongly threatening Nxe5!} Nd3 36. h3 Nxf2+ {[%emt 0:00:22] [#]} (36... Rg5 $1 $11 {and Black is okay.}) 37. Kg2 $1 $18 Rg5 38. h4 Rh5 39. Rxg7+ Kh8 {[%emt 0:00:01] [#] This move loses the game for Black.} 40. Nxe5 $1 {[%emt 0:02:52][%mdl 576] Deflection} e3 (40... Rxe5 $2 {leads to mate.} 41. Rxh7+ Kg8 42. Rbg7#) (40... Nd3 41. Nxd3) 41. Rge7 {[%emt 0:35:19] Black must now prevent Nd7.} Nd1 $2 (41... Kg8 42. Nf3 (42. Nd7 Rf7 $16) 42... Rh6) 42. Ng4 {[%emt 0:00:00][%cal Og4f6] White threatens Nf6! and mate.} Kg8 43. Nxe3 (43. Rg7+ $18 {has better winning chances.} Kh8 44. Rge7) 43... Nxe3+ $16 44. Rxe3 {[%emt 0:00:00] aiming for Ree7.} Rf7 45. Re8+ {[%emt 0:00:00] Weighted Error Value: White=0.42/Black=0.22 (precise)} 1/2-1/2

[Event "CZE-ch U16 Open 2023"]
[Site "Teplice"]
[Date "2023.03.13"]
[Round "3.6"]
[White "Prazak, Daniel"]
[Black "Mohapl, Tomas"]
[Result "1-0"]
[ECO "B30"]
[WhiteElo "2064"]
[BlackElo "1946"]
[Annotator "TA"]
[PlyCount "91"]
[EventDate "2023.03.09"]
[EventType "swiss"]
[EventCountry "CZE"]
[SourceTitle "playchess.com"]
[Source "ChessBase"]
[SourceQuality "1"]
[TimeControl "40/5400+30:1800+30"]

1. e4 c5 2. Nf3 Nc6 3. Bb5 Nf6 4. Bxc6 dxc6 5. d3 g6 6. h3 Bg7 7. O-O O-O 8. Nc3 Ne8 9. Be3 b6 10. Qd2 Nc7 11. Bh6 Ne6 {[%emt 0:07:03] B31: Sicilian: 2...Nc6 3 Bb5 g6.} 12. Bxg7 Kxg7 13. Ne2 Ba6 {[%emt 0:13:03] [#] White has an edge.} 14. Nh2 $146 ({Predecessor:} 14. Rad1 Qc7 15. Ng5 Nxg5 16. Qxg5 c4 17. Nf4 cxd3 18. cxd3 Rad8 19. Rfe1 h6 20. Qg3 {½-½ Rey Chimera,L (1571)-Reboredo Martinez,C (1835) ESP-ch U16 Salobrena 2020 (5)}) 14... Nd4 15. Ng3 e5 16. f4 Qh4 17. Ne2 (17. fxe5 $2 Qxg3 18. Ng4 Qh4 $19) 17... Nxe2+ 18. Qxe2 exf4 19. Qd2 Qf6 20. Rxf4 Qd4+ 21. Kh1 c4 (21... Qxb2 $11 22. Raf1 Bc8) 22. Qb4 ({Don't play} 22. Rh4 $6 h5 $11) (22. Raf1 $16) 22... c5 $11 23. Qa3 cxd3 $2 (23... Bb5 $11) 24. Qxa6 $16 {[%emt 0:00:59] White leaves nothing to chance now.} Qxb2 25. Rff1 dxc2 26. Rac1 b5 (26... Rae8 $16) 27. e5 $18 Rad8 $2 (27... Qxe5 28. Rxc2 (28. Qxb5 Rab8 $18) 28... b4) 28. Qf6+ (28. Qxa7 $2 Qxc1 29. Qxc5 Rd1 $19) 28... Kg8 29. Ng4 h5 30. Nh6+ {[%emt 0:01:35][%mdl 64] Deflection} Kh7 31. Nxf7 {[%emt 0:00:28] Threatening mate with Qe7.} Qc3 32. Qg5 (32. Qe7 $142 Rfe8 33. Qc7 (33. Nxd8+ $2 {perishes.} Rxe7 34. Nc6 Re6 $19)) 32... Qd2 33. Rxc2 {[%emt 0:02:19][%mdl 64] Double Attack} Qxg5 34. Nxg5+ Kh6 35. Nf3 c4 {[%emt 0:00:31] [#]} 36. a4 $1 a6 37. axb5 axb5 38. Rb1 g5 (38... Rd5 {was necessary.} 39. Re2 Kg7) 39. e6 {[%emt 0:02:03] Black must now prevent e7.} Rfe8 (39... Rd5 40. e7 Re8) 40. Rxb5 {[%emt 0:03:49] White is clearly winning.} g4 41. hxg4 hxg4 42. Ne5 {[%emt 0:00:00] Strongly threatening Nf7+.} Rd1+ 43. Kh2 {[%emt 0:00:00] Hoping for Rb6.} Kg5 44. Rxc4 {[%emt 0:00:00] White wants to mate with Nd7+.} Rxe6 45. Nxg4+ Kg6 {[%emt 0:00:24] [#]} 46. Rc6 $3 {[%emt 0:00:00][%mdl 512] Ingenious play by Prazak!   Weighted Error Value: White=0.32/Black=0.54} 1-0

[Event "CZE-ch U16 Open 2023"]
[Site "Teplice"]
[Date "2023.03.13"]
[Round "3.7"]
[White "Vilimek, Vit"]
[Black "Kubin, Tomas Daniel"]
[Result "0-1"]
[ECO "B34"]
[WhiteElo "2018"]
[BlackElo "1936"]
[Annotator "TA"]
[PlyCount "66"]
[EventDate "2023.03.09"]
[EventType "swiss"]
[EventCountry "CZE"]
[SourceTitle "playchess.com"]
[Source "ChessBase"]
[SourceQuality "1"]
[TimeControl "40/5400+30:1800+30"]

1. e4 c5 2. Nf3 Nc6 3. d4 cxd4 4. Nxd4 Nf6 5. Nc3 e5 6. Nxc6 bxc6 7. Bd3 Bb4 8. O-O {[%emt 0:00:09] B33: Sicilian: Pelikan and Sveshnikov Variations.} O-O 9. f4 {[%emt 0:00:08] [#]} Qc7 $146 (9... Bd6 $142) ({Predecessor:} 9... Bd6 10. Qe1 Re8 11. Kh1 exf4 12. Bxf4 Bxf4 13. Rxf4 d6 14. Qd1 Nd7 15. Rxf7 Kxf7 16. Bc4+ Ke7 17. Qg4 Qa5 18. e5 Qxe5 19. Qh4+ g5 20. Qf2 Kd8 {0-1 Dushyant,S (2332)-Ezat,M (2417) Sharjah Masters 4th 2021 (9)}) 10. Qe2 {[%emt 0:15:01] White has an edge.} Re8 11. fxe5 Qxe5 12. Bf4 Qa5 13. e5 Bxc3 (13... d6 14. Ne4 Nxe4 15. Qxe4 Qc5+ 16. Kh1 $11) 14. bxc3 d6 15. Kh1 Bg4 (15... Qxc3 $2 16. Qf3 $18) 16. Qf2 (16. Bxh7+ $2 Kh8 17. Qd2 dxe5 $19) 16... dxe5 17. Bg5 e4 $1 (17... Qxc3 $2 18. Qg3 $18) 18. Bxf6 gxf6 (18... exd3 $15 19. Bd4 f6) 19. Bc4 (19. Qxf6 $11 exd3 20. Qxf7+ Kh8 21. Qf6+ (21. cxd3 $2 Qxc3 22. Rac1 Qg7 $19) 21... Kg8 22. Qf7+ Kh8 23. Qf6+ (23. cxd3 $2 Qxc3 24. Rac1 Qg7 $19) 23... Kg8 24. Qf7+) 19... Qxc3 $15 20. Bb3 (20. Qxf6 $15 Qxf6 21. Rxf6) 20... Kg7 (20... e3 $142 $1 21. Qg3 Kh8 22. Bxf7 (22. Qxg4 $2 e2 $19) 22... Re4) 21. Rae1 $17 {[%emt 0:06:32] Hoping for Re3.} Qe5 $2 (21... h5 $6 22. h3 Be6 23. Rxe4 Bxb3 24. Rd4 $11 (24. Rxe8 Rxe8 25. cxb3 Re3 $15)) (21... f5 $17) 22. Qh4 $4 {[%emt 0:00:29][%mdl 8192] [#]} (22. Rxe4 $1 $18 {was the only winning move.} Qd6 23. Rxg4+ Kh8 24. Rf4) 22... Bf5 $1 $19 ({And not} 22... h5 23. Ba4 Rac8 24. Bb3 $17) 23. Re3 Rad8 24. Rfe1 Bg6 25. Rh3 e3 26. Qh6+ {[%emt 0:00:26] [#]} Kg8 $1 {[%emt 0:00:30] And now ...e2 would win.} 27. Kg1 $2 (27. Rhxe3 $2 {too greedy.} Qxe3 28. Qxe3 Rxe3 $19) (27. Rg3 Rd7 28. Rxg6+ hxg6 29. Qxg6+ Kf8 30. Qh6+ Ke7 31. Qxe3) 27... e2 28. Rg3 Qe4 $2 ({Inferior is} 28... Rd1 29. Rxg6+ hxg6 30. Qxg6+ Kh8 31. Qh6+ Kg8 32. Qg6+ Kh8 33. Qh6+ Kg8 34. Qg6+ $11) (28... Qc5+ 29. Kh1 Qf5) 29. Kf2 $2 (29. c3) 29... Rd1 {[%emt 0:01:43] ( -> ...Qd4+)} 30. Rxg6+ hxg6 31. Bxf7+ Kxf7 32. Qh7+ Kf8 33. Qh6+ Kg8 {[%emt 0:00:24] Weighted Error Value: White=1.08/Black=0.33} 0-1

[Event "CZE-ch U16 Open 2023"]
[Site "Teplice"]
[Date "2023.03.13"]
[Round "3.8"]
[White "Slaby, Matej"]
[Black "Lang, Simon"]
[Result "0-1"]
[ECO "A04"]
[WhiteElo "1932"]
[BlackElo "1974"]
[Annotator "TA"]
[PlyCount "162"]
[EventDate "2023.03.09"]
[EventType "swiss"]
[EventCountry "CZE"]
[SourceTitle "playchess.com"]
[Source "ChessBase"]
[SourceQuality "1"]
[TimeControl "40/5400+30:1800+30"]

1. Nf3 c5 2. c3 Nf6 3. d4 e6 4. e3 b6 5. Nbd2 Be7 6. Bd3 Ba6 7. Bxa6 Nxa6 8. Qe2 {[%emt 0:00:14] A46: 1 d4 Nf6 2 Nf3 e6: Torre, London and Colle Systems.} Qc8 {[%emt 0:01:48] [#]} 9. a4 $146 ({Predecessor:} 9. O-O Nc7 10. dxc5 bxc5 11. e4 d5 12. exd5 Ncxd5 13. Ne5 O-O 14. Ndc4 Nd7 15. Nxd7 Qxd7 {0-1 Winterkamp,S (1950)-Okrajek,A (2078) NRW Class2 1718 2017 (4.7)}) 9... Nc7 10. O-O {[%emt 0:01:52] The position is equal.} Qa6 11. Qxa6 Nxa6 12. b3 Rc8 13. Bb2 O-O 14. Rfc1 Rc7 15. Ba3 Rfc8 16. g3 Kf8 17. a5 b5 18. Bb2 Rb8 19. Ne1 cxd4 20. exd4 Nd5 21. Nd3 (21. h4 $11) 21... Rbc8 $15 22. c4 bxc4 (22... Ndb4 $5 23. Ne1 (23. cxb5 $2 Nxd3 24. Rxc7 Nxc7 $19) 23... bxc4 24. bxc4 Kg8 $11) 23. bxc4 Ndb4 24. Nxb4 Nxb4 25. Ba3 (25. Bc3 $11) 25... a6 26. Rab1 Nc6 27. Bxe7+ Kxe7 28. Nb3 (28. d5 $17 Nxa5 29. Rb4) 28... Rb7 $19 {[%emt 0:01:50] ...Rcb8 would be deadly.} 29. Nc5 Rxb1 30. Rxb1 Nxa5 $17 {[%emt 0:01:09][%mdl 4096] Endgame KRN-KRN} 31. Ra1 Nxc4 32. Rxa6 Rc7 33. Ra4 Nb6 34. Ra6 Nd5 35. Kg2 Nc3 36. Kf3 d6 37. Nb3 Nd5 38. Nd2 Nb4 39. Ra4 Nc6 40. Ke3 Kd7 41. Ra6 Ra7 42. Rxa7+ Nxa7 {[%emt 0:00:06] KN-KN} 43. Ne4 h6 44. Nc3 Nc8 45. d5 e5 46. Na4 f5 47. f4 e4 (47... Kc7 $19 {Threatens to win with ...Ne7.} 48. Kd3 exf4 49. gxf4 g5 50. fxg5 hxg5) 48. Kd4 Kc7 49. h3 Kb7 (49... g6 $17) 50. g4 $11 g6 51. Nb2 Kc7 52. Nc4 Kd7 53. Ne3 Ne7 54. Ng2 Ke8 55. g5 (55. Kc4 $1 $11 {keeps the balance.}) 55... hxg5 (55... h5 $17 {...Nc8 is the strong threat.} 56. Nh4 Kf8 {[%mdl 64] Decoy}) 56. fxg5 Nc8 57. Nf4 Kf7 58. Kc4 Ne7 59. Kd4 Ke8 (59... Kf8 $17) 60. Kc4 (60. Ng2 $11) 60... Kd7 61. Kd4 Kc7 62. Ne6+ Kb6 (62... Kc8 $1 $17) 63. Nf4 Kb7 64. Ne6 (64. h4 $11 {remains equal.}) 64... Kb6 (64... Kc8 $1 $17) 65. Nf4 Kc7 (65... Kb5 $11) 66. Ne6+ $1 $17 {[%emt 0:00:09] [#]} Kb7 ({Black should try} 66... Kc8 $1 $17) 67. Nd8+ {[%emt 0:00:18] [#]} (67. Nf4 $11) 67... Kb6 (67... Kc8 $1 $17 68. Nc6 Ng8) 68. Ne6 $11 Kb5 69. Nf4 Kb4 70. h4 Kb3 71. h5 gxh5 72. Nxh5 Kc2 73. Ng3 $1 ({Don't go for} 73. Nf4 $2 Kd2 74. Ng2 (74. g6 $2 e3 $19) 74... Ke2 $19) 73... Kd2 74. g6 $1 e3 {[%emt 0:02:23] ( -> ...e2)} 75. Nf1+ Ke2 76. Nxe3 f4 77. Ng4 $2 (77. Nc4 $11) 77... f3 {[%emt 0:00:33] Black mates.} 78. Ke4 Nxg6 79. Kf5 {[%emt 0:00:26] [#]} Ne5 $1 80. Nh2 (80. Nxe5 dxe5) 80... f2 81. Ke6 Nf3 {[%emt 0:00:43] Weighted Error Value: White=0.15 (very precise) /Black=0.14 (very precise)} ({And not} 81... f1=R 82. Nxf1 Kxf1 83. Kxd6 Nc4+ 84. Ke7 $11) 0-1